 Dungeon Crawl Stone Soup version 0.24.0-2-g5b39cebb1c (webtiles) character file.

Game seed: 7876375000403326996, levelgen mode: deterministic

6703 Mrkan the Slinger (level 11, -2/75 HPs)
             Began as a Halfling Hunter on Oct 28, 2019.
             Was a Priest of Dithmenos.
             Slain by an efreet
             ... wielding a +2 scimitar of flaming
              (11 damage)
             ... on level 9 of the Dungeon on Oct 29, 2019.
             The game lasted 00:34:38 (11137 turns).

Mrkan the Slinger (Halfling Hunter)                Turns: 11137, Time: 00:34:38

Health: -2/75      AC: 10    Str: 15    XL:     11   Next: 23%
Magic:  15/15      EV: 20    Int:  9    God:    Dithmenos [***...]
Gold:   597        SH:  0    Dex: 17    Spells: 10/10 levels left

rFire    . . .     SeeInvis .   w - +1 dagger (drain)
rCold    . . .     Gourm    .   (shield restricted)
rNeg     . . .     Faith    .   c - +0 leather armour
rPois    .         Spirit   .   T - +0 helmet
rElec    .         Reflect  .   O - +2 cloak
rCorr    .         Harm     .   (no gloves)
MR       .....                  k - +2 pair of boots
Stlth    ++++++....             (no amulet)
HPRegen  0.22/turn              (no ring)
MPRegen  0.14/turn              (no ring)

@: wreathed by umbra
A: small, mutation resistance 1
a: Shadow Step, Renounce Religion


You were on level 9 of the Dungeon.
You worshipped Dithmenos.
Dithmenos was most pleased with you.
You were not hungry.

You visited 2 branches of the dungeon, and saw 10 of its levels.

You collected 597 gold pieces.

Inventory:

Hand Weapons
 a - a +1 hunting sling
 b - a +0 short sword
 w - a +1 dagger of draining (weapon)
 x - the +7 spear of the Eel {vamp, +Inv +Fly rF- MR++, unknown}
   (You found it on level 4 of the Dungeon)

   It inflicts no extra harm, but heals its wielder when it wounds a living foe.
   It makes you vulnerable to fire.
   It affects your resistance to hostile enchantments.
   It lets you turn invisible.
   It lets you fly.
 B - the +7 spear "Tul Pin" {pierce, +Blink, unknown}
   (You found it on level 5 of the Dungeon)

   It inflicts extra damage upon your enemies.
   It lets you blink.
Missiles
 h - 26 sling bullets
 H - 14 stones (quivered)
Armour
 c - a +0 leather armour (worn)
 k - a +2 pair of boots (worn)
 y - a +2 pair of boots of flying
 O - a +2 cloak (worn)
 T - a +0 helmet (worn)
Jewellery
 g - an uncursed amulet of magic regeneration
 u - an uncursed amulet of guardian spirit
 L - an uncursed ring of fire
 N - an uncursed amulet of faith
 Q - a cursed -3 ring of protection {unknown}
 R - a cursed ring of teleportation {unknown}
Wands
 d - a wand of paralysis (5)
 q - a wand of disintegration (12)
 M - a wand of digging (17)
 S - a wand of enslavement (13)
Scrolls
 e - 4 scrolls of remove curse
 i - 2 scrolls of enchant weapon {unknown}
 j - 3 scrolls of teleportation {unknown}
 o - a scroll of immolation {unknown}
 p - 2 scrolls of amnesia
 z - 2 scrolls of enchant armour {unknown}
 A - 2 scrolls of identify
 E - 2 scrolls of fear {unknown}
 G - 3 scrolls of fog {unknown}
Potions
 l - 2 potions of flight {unknown}
 m - 2 potions of mutation
 n - a potion of magic {unknown}
 r - a potion of ambrosia {unknown}
 s - 2 potions of curing
 t - a potion of brilliance
 v - a potion of degeneration {unknown}
 C - a potion of resistance {unknown}
 F - a potion of lignification {unknown}
 I - a potion of berserk rage {unknown}
 J - a potion of invisibility {unknown}
 K - 2 potions of haste {unknown}
 P - a potion of might {unknown}
Miscellaneous
 U - a lamp of fire
Comestibles
 f - 19 rations
 D - 5 chunks of flesh


   Skills:
 + Level 7.3 Fighting
 + Level 2.7 Short Blades
 - Level 12.0 Slings
 + Level 8.7 Dodging
 + Level 9.3 Stealth
 + Level 5.7 Invocations


You had 10 spell levels left.
You didn't know any spells.
Your spell library contained the following spells:

 Spells                   Type           Power        Failure   Level  Hunger
 Beastly Appendage        Tmut           #.....       45%         1    ##.....
 Sticks to Snakes         Tmut           #.......     58%         2    ###....
 Spider Form              Tmut/Pois      #.........   83%         3    ####...
 Ice Form                 Ice/Tmut       #.......     99%         4    #####..
 Blade Hands              Tmut           #.........   100%        5    ######.


Dungeon Overview and Level Annotations

Branches:
Dungeon (9/15)             Temple (1/1) D:4
   Lair: D:8-11         Orc: D:9-12

Altars:
Ashenzari
Cheibriados
Dithmenos
Elyvilon
Fedhas
Gozag
Hepliaklqana
Kikubaaqudgha
Makhleb
Nemelex Xobeh
Okawaru
Qazlal
Ru
Sif Muna
Trog
Uskayaw
Vehumet
Wu Jian
Xom
Yredelemnul
Zin
The Shining One

Annotations:
D:9 3 runed translucent doors, Mandevil's ghost, journeyman GrAM


Innate Abilities, Weirdness & Mutations

You are small and have problems with some larger weapons.
You are somewhat resistant to further mutation.


Message History

You hit the efreet but do no damage.
The efreet is lightly wounded.
The efreet completely misses you.
You hit the troll.
The troll is moderately wounded.
The troll misses you. x2; The troll completely misses you.
The efreet gestures at you. The bolt of fire hits you!
* * * LOW HITPOINT WARNING * * *
You hit the troll. You drain the troll.
The troll is heavily wounded.
The troll misses you.
The troll barely misses you. x2; The efreet misses you.
You hit the troll. You drain the troll.
The troll is heavily wounded.
The troll completely misses you. The troll misses you.
The troll claws you but does no damage.
You hit the troll.
The troll is heavily wounded.
The efreet hits you with a +2 scimitar of flaming!
You die...

..# #.#.......#.#....######......
..###.#.......##.#...##...#......
...)..#...#.#..##....##...'......
......####.###..##........#......
......# #.##.##..##..######......
......#..# ...##..##.######......
......#.# #..##..##.#...#......
.......# ###.T##..##....#......
......## ##.##R@##.(##...+......
.....## #)......##..##..#......
......## ##..##.##..##...####
.......## .##..###..##.........
......+.##..##..#..##.#........
......#..##..##...##..#.........
......###.##..##.##...##+#######
...........##..###.รท........
.......##...##..#.......####


You could see a troll and an efreet.

Vanquished Creatures
  2 two-headed ogres
  Pikel (D:8)
  Psyche (D:8)
  Prince Ribbit (D:8)
  Sigmund (D:5)
  A wyvern (D:6)
  A yak (D:7)
  A human (D:7)
  3 hogs (D:7)
  A hungry ghost (D:8)
  An orc warrior (D:8)
  An ice beast (D:6)
  A phantom (D:7)
  9 centaurs
  3 ogres
  2 crocodiles
  4 bullfrogs
  Blork the orc (D:4)
  A wyvern zombie (D:9)
  A wyvern skeleton (D:9)
  3 scorpions
  3 wights (D:8)
  A howler monkey (D:5)
  A bullfrog zombie (D:7)
  A crimson imp (D:6)
  2 quasits (D:9)
  2 jellies
  A centaur zombie (D:5)
  4 orc priests
  A bullfrog skeleton (D:4)
  3 hounds
  4 orc wizards
  4 iguanas
  7 worker ants
  2 hound skeletons
  A worker ant zombie (D:5)
  6 gnolls
  15 adders
  3 shadow imps
  4 oozes
  4 worms
  An adder skeleton (D:8)
  3 dart slugs
  7 leopard geckos
  15 orcs
  13 bats
  4 giant cockroaches
  11 hobgoblins
  18 jackals
  11 kobolds
  2 quokkas
  2 ball pythons
  4 frilled lizards
  4 goblins
  A jackal skeleton (D:8)
  A leopard gecko skeleton (D:3)
  A quokka skeleton (D:9)
  8 rats
215 creatures vanquished.

Vanquished Creatures (others)
  A crimson imp (D:8)
1 creature vanquished.

Grand Total: 216 creatures vanquished

Notes
Turn   | Place    | Note
-------+----------+-------------------------------------------
     0 | D:1      | Mrkan the Halfling Hunter began the quest for the Orb.
     0 | D:1      | Reached XP level 1. HP: 14/14 MP: 1/1
    23 | D:1      | Reached skill level 6 in Slings
    35 | D:1      | Reached XP level 2. HP: 19/19 MP: 2/2
   251 | D:1      | Reached XP level 3. HP: 24/24 MP: 3/3
  1090 | D:2      | Reached XP level 4. HP: 29/29 MP: 4/4
  1998 | D:2      | Reached skill level 7 in Slings
  2499 | D:3      | Reached XP level 5. HP: 32/35 MP: 5/5
  3528 | D:4      | Reached XP level 6. HP: 26/41 MP: 4/6
  3575 | D:4      | Found a staircase to the Ecumenical Temple.
  3604 | Temple   | Entered the Ecumenical Temple
  3713 | Temple   | Became a worshipper of Dithmenos the Shadowed
  3893 | D:4      | Noticed Blork the orc
  3904 | D:4      | Killed Blork the orc
  3904 | D:4      | Reached skill level 8 in Slings
  4041 | D:4      | Reached XP level 7. HP: 35/46 MP: 5/7
  4532 | D:4      | Got a polished spear
  4740 | D:5      | Entered Level 5 of the Dungeon
  4845 | D:5      | Reached skill level 9 in Slings
  5139 | D:5      | Noticed Sigmund
  5145 | D:5      | Killed Sigmund
  5145 | D:5      | Reached XP level 8. HP: 46/54 MP: 6/8
  5161 | D:5      | Got an ivory spear
  5521 | D:5      | Reached * piety under Dithmenos
  5968 | D:6      | Reached skill level 10 in Slings
  6021 | D:6      | Reached skill level 5 in Stealth
  6265 | D:6      | Reached skill level 5 in Dodging
  7098 | D:6      | Reached skill level 11 in Slings
  7098 | D:6      | Reached XP level 9. HP: 53/59 MP: 9/9
  7746 | D:7      | Reached skill level 5 in Fighting
  7766 | D:7      | Found an iron altar of Okawaru.
  8016 | D:7      | Reached skill level 12 in Slings
  8063 | D:7      | Reached ** piety under Dithmenos
  8146 | D:7      | Upgraded the game from 0.24.0-1-gfbc8707122 to
                  | 0.24.0-2-g5b39cebb1c
  8255 | D:7      | Reached skill level 1 in Invocations
  8279 | D:7      | Reached XP level 10. HP: 40/68 MP: 5/11
  9493 | D:8      | Noticed a two-headed ogre
  9494 | D:8      | Noticed Pikel
  9499 | D:8      | Noticed Psyche
  9503 | D:8      | Noticed Prince Ribbit
  9529 | D:8      | Killed a two-headed ogre
  9539 | D:8      | Paralysed by Psyche for 2 turns
  9548 | D:8      | HP: 3/69 [Psyche/puff of flame (3)]
  9548 | D:8      | HP: 1/69 [Pikel/+0 whip of flaming (1)]
  9550 | D:8      | Killed Psyche
  9564 | D:8      | Killed Pikel
  9572 | D:8      | Killed Prince Ribbit
  9572 | D:8      | Reached skill level 5 in Invocations
 10049 | D:8      | Reached XP level 11. HP: 72/75 MP: 14/14
 10161 | D:9      | Found a runed translucent gate.
 10161 | D:9      | Found a runed translucent gate.
 10161 | D:9      | Found a runed translucent gate.
 10161 | D:9      | Found an opulent altar of Gozag.
 10161 | D:9      | Noticed Mandevil's ghost (journeyman GrAM)
 10197 | D:9      | Reached *** piety under Dithmenos
 10234 | D:9      | Noticed an orb spider
 10293 | D:9      | Reached skill level 1 in Short Blades
 10598 | D:9      | Noticed a two-headed ogre
 10622 | D:9      | Killed a two-headed ogre
 11137 | D:9      | Slain by an efreet

Levels and vault maps discovered:
D:1:      enne_arrival_octagon_isle, layout_basic
D:2:      layout_loops_ring, serial_co_window_serial, co_window_paths_a,
          co_window_paths_a, co_window_paths_b, co_window_corner_a,
          co_window_corner_a, co_window_2corner, co_window_broadway_c,
          co_window_paths_c, co_window_4corner_a, glass_columns_a,
          glass_columns_a, glass_columns_c, glass_columns_c, moated_statue
D:3:      layout_loops_ring, minmay_box_of_dots
D:4:      layout_loops_ring, minmay_temple_entry_mist, first_ration,
          minmay_checkerbox, uniq_blork_the_orc
D:5:      layout_basic, minmay_quadrilaterals, uniq_sigmund
D:6:      layout_cave_pods
D:7:      layout_cave_pools, okawaru_trees_2, grunt_livestock
D:8:      layout_rooms, uniq_prince_ribbit1, uniq_psyche, uniq_pikel
D:9:      layout_stronghold, lair_entry_dummy, david_orc_2, ebering_ghost_gozag,
          minmay_diamond_spiral
Temple:   kilobyte_greek_temple

Skill      XL: |  1  2  3  4  5  6  7  8  9 10 11 |
---------------+----------------------------------+-----
Slings         | 6 7 8 9 11 12 | 12.0
Fighting       | 2 3 4 5 7 |  7.3
Stealth        | 2 3 4 5 7 8 9 |  9.3
Dodging        | 3 4 5 6 8 |  8.7
Invocations    | 2 5 |  5.7
Short Blades   | 2 |  2.7

Action                   |  1- 3 |  4- 6 |  7- 9 | 10-12 || total
-------------------------+-------+-------+-------+-------++-------
Melee: Dagger            |       |       |       |   269 ||   269
       Hunting sling     |       |       |       |     9 ||     9
 Fire: Hunting sling     |    82 |   262 |   428 |   213 ||   985
  Use: Scroll            |       |     6 |     1 |     5 ||    12
       Potion            |       |       |     2 |     2 ||     4
 Stab: Invisible         |       |       |       |     2 ||     2
       Sleeping          |       |       |       |     7 ||     7
  Eat: Chunk             |       |     8 |    13 |     7 ||    28
       Ration            |       |       |       |     3 ||     3
Armor: Leather armour    |     7 |       |     9 |    85 ||   101
       Ring mail         |     1 |    28 |     5 |       ||    34
       Skin              |       |       |       |    18 ||    18
Dodge: Dodged            |    27 |    84 |   144 |   651 ||   906
